 Dungeon Crawl Stone Soup version 0.17.0-26-gececa24 (webtiles) character file.

1712 MDvedh the Martial Artist (level 9, -9/43 HPs)
             Began as a Vine Stalker Monk on Nov 20, 2015.
             Was a Believer of Qazlal.
             Mangled by an orc warrior
             ... wielding a +0 trident
              (13 damage)
             ... on level 6 of the Dungeon.
             The game lasted 00:13:59 (4626 turns).

MDvedh the Martial Artist (Vine Stalker Monk)       Turns: 4626, Time: 00:13:59

Health: -9/43      AC:  8    Str: 13    XL:     9   Next: 4%
Magic:  0/10       EV: 12    Int: 10    God:    Qazlal [**....]
Gold:   272        SH:  8    Dex: 21    Spells: 0 memorised, 8 levels left

rFire  . . .     SeeInvis .       - Unarmed
rCold  . . .     Clarity  .     h - +0 ring mail
rNeg   . . .     SustAt   .     x - +0 buckler
rPois  .         Gourm    .     (no helmet)
rElec  .         Spirit   +     l - +1 cloak
rCorr  .         Warding  .     (no gloves)
rMut   .         Stasis   .     (no boots)
MR     +....                    (no amulet)
Stlth  ++........               (no ring)
                                y - +1 ring of protection

@: somewhat resistant to hostile enchantments, unstealthy
A: fangs 3, regeneration 2, magic shield, antimagic bite, no device heal 3, rot
immunity
a: Upheaval, Renounce Religion


You were on level 6 of the Dungeon.
You worshipped Qazlal.
Qazlal was pleased with you.
You were hungry.

You visited 2 branches of the dungeon, and saw 7 of its levels.

You collected 272 gold pieces.

Inventory:

Hand Weapons
 A - the +5 trident "Imyaded" {vamp, Str+4}
   (You found it on level 4 of the Dungeon)

   It inflicts no extra harm, but heals its wielder somewhat when it strikes a
   living foe.
   It affects your strength (+4).
Missiles
 d - 8 poisoned javelins (quivered)
Armour
 h - a +0 ring mail (worn)
 l - a +1 cloak (worn)
 v - a +0 chain mail
 x - a +0 buckler (worn)
Jewellery
 y - a +1 ring of protection (left hand)
 C - an uncursed ring of teleportation
Wands
 j - a wand of slowing (18)
 p - a wand of frost (22)
 u - a wand of slowing (48)
Scrolls
 e - 3 scrolls of fear
 g - a scroll of brand weapon {unknown}
 k - a scroll of identify
 o - a scroll of remove curse
 t - 5 scrolls of teleportation
Potions
 a - 2 potions of curing
 f - a potion of agility {unknown}
 i - 2 potions of haste {unknown}
 n - a potion of heal wounds {unknown}
 q - a potion of might {unknown}
 s - a potion of cancellation {unknown}
 w - 2 potions of mutation {unknown}
Comestibles
 b - 8 bread rations
 c - 3 fruits
 B - a beef jerky
 D - a meat ration


   Skills:
 * Level 2.9 Fighting
 * Level 2.7 Dodging
 - Level 2.4 Stealth
 - Level 4.0 Shields
 + Level 10.7 Unarmed Combat
 * Level 0.6 Invocations


You had 8 spell levels left.
You didn't know any spells.

Dungeon Overview and Level Annotations

Branches:
Dungeon (6/15)             Temple (1/1) D:5

Altars:
Cheibriados
Dithmenos
Elyvilon
Fedhas
Qazlal
Ru
Sif Muna
Trog
Xom
Yredelemnul
Zin


Innate Abilities, Weirdness & Mutations

You have razor-sharp teeth.
You heal very quickly.
When hurt, damage is shared between your health and your magic reserves.
Your bite disrupts and absorbs the magic of your enemies.
Potions and wands cannot restore your health.
You are immune to rotting.


Message History

You hit the orc warrior but do no damage.
Your bite misses the orc warrior.
The orc warrior is heavily wounded.
You block the orc's attack. You block the orc warrior's attack.
You hit the orc warrior. Your bite misses the orc warrior.
The orc warrior is severely wounded.
The orc closely misses you.
The orc warrior hits you with a trident!
You completely miss the orc warrior.
You bite the orc warrior, but do no damage.
The orc warrior is severely wounded.
The orc closely misses you.
You punch the orc warrior!
The orc warrior is almost dead.
The orc warrior hits you with a trident!
* * * LOW HITPOINT WARNING * * *
The orc barely misses you.
You are too injured to fight recklessly!
The orc warrior hits you from afar with a trident!
You die...

#>................##...
#.######.#.###.##..#...
#.######.#.###.....#...
#.................)....
#.####...#.#######(#...
#.###.# #.#... # #.# #
#.#### ... #.# ...
.≈≈..#@###.# ...
#≈.=.)§...# .....
#≈..#.oo...... .....
#≈..####.....#.......
≈≈≈. .(...# ..##. ....#
. # ....# ...# ####


You could see an orc warrior and an orc.

Vanquished Creatures
  The ghost of zkyp the Chopper, a novice GrVM (D:5)
  Sigmund (D:3)
  An orc warrior (D:6)
  A sky beast (D:5)
  2 ogres (D:4)
  A centaur (D:6)
  A scorpion (D:3)
  3 hounds
  An iguana (D:6)
  A giant frog zombie (D:5)
  Crazy Yiuf (D:3)
  4 orc priests
  2 gnoll shamans (D:4)
  4 orc wizards
  2 worker ants
  4 adders
  14 gnolls
  3 shadow imps (D:5)
  2 oozes
  6 worms
  5 giant geckos
  14 orcs
  10 bats
  5 giant cockroaches
  7 goblins
  6 hobgoblins
  6 jackals (D:3)
  A ball python (D:3)
  A giant cockroach zombie (D:5)
  6 giant newts
  3 kobolds
  A quokka (D:5)
  8 rats
128 creatures vanquished.

Notes
Turn   | Place    | Note
--------------------------------------------------------------
     0 | D:1      | MDvedh the Vine Stalker Monk began the quest for the Orb.
     0 | D:1      | Reached XP level 1. HP: 11/11 MP: 2/2
    12 | D:1      | Reached XP level 2. HP: 11/16 MP: 1/3
   538 | D:1      | Reached XP level 3. HP: 19/19 MP: 4/4
   768 | D:2      | Found a glowing silver altar of Zin.
   911 | D:2      | Reached skill level 5 in Unarmed Combat
  1027 | D:2      | Found a blossoming altar of Fedhas.
  1578 | D:3      | Noticed Crazy Yiuf
  1591 | D:3      | Killed Crazy Yiuf
  1591 | D:3      | Reached XP level 4. HP: 7/23 MP: 1/5
  1908 | D:3      | Reached skill level 6 in Unarmed Combat
  1997 | D:3      | Reached XP level 5. HP: 27/27 MP: 6/6
  2064 | D:3      | Noticed Sigmund
  2078 | D:3      | Killed Sigmund
  2078 | D:3      | Reached skill level 7 in Unarmed Combat
  2078 | D:3      | Gained mutation: You heal very quickly. [Vine Stalker growth]
  2078 | D:3      | Reached XP level 6. HP: 4/32 MP: 3/7
  2434 | D:4      | Found a white marble altar of Elyvilon.
  2649 | D:4      | Reached skill level 8 in Unarmed Combat
  2706 | D:4      | Reached XP level 7. HP: 35/35 MP: 8/8
  2771 | D:4      | Got a dazzling trident
  2777 | D:4      | Identified the +5 trident "Imyaded" {vamp, Str+4} (You found it on level 4 of the Dungeon)
  2937 | D:4      | Found a shimmering altar of Xom.
  2945 | D:4      | Found a snail-covered altar of Cheibriados.
  3198 | D:4      | Reached skill level 9 in Unarmed Combat
  3371 | D:4      | Gained mutation: You have razor-sharp teeth. [Vine Stalker growth]
  3371 | D:4      | Reached XP level 8. HP: 34/39 MP: 9/9
  3563 | D:5      | Entered Level 5 of the Dungeon
  3638 | D:5      | Noticed zkyp's ghost (novice GrVM)
  3757 | D:5      | Reached skill level 1 in Shields
  3844 | D:5      | Killed zkyp's ghost
  3844 | D:5      | Reached skill level 10 in Unarmed Combat
  3895 | D:5      | Found a staircase to the Ecumenical Temple.
  3925 | Temple   | Entered the Ecumenical Temple
  3947 | Temple   | Became a worshipper of Qazlal Stormbringer
  3947 | Temple   | Reached * piety under Qazlal
  3947 | Temple   | Reached ** piety under Qazlal
  4570 | D:6      | Reached XP level 9. HP: 43/43 MP: 8/10
  4626 | D:6      | Mangled by an orc warrior

Action                   |  1- 3 |  4- 6 |  7- 9 || total
-------------------------+-------+-------+-------++-------
Melee: Unarmed           |    97 |   139 |   206 ||   442
Throw: Javelin           |       |       |     2 ||     2
  Use: Scroll            |       |       |    11 ||    11
 Stab: Sleeping          |     4 |     8 |     1 ||    13
  Eat: Chunk             |     2 |     4 |     1 ||     7
       Beef jerky        |       |       |     2 ||     2
       Bread ration      |       |       |     1 ||     1
       Pizza             |       |       |     1 ||     1
